 Dungeon Crawl Stone Soup version 0.28-a0-850-g09de17f5b5 (webtiles) character file.

Game seed: 17086495639548612846

67260 porpoise the Thaumaturge (level 14, -18/82 HPs)
             Began as a Deep Elf Conjurer on Nov 14, 2021.
             Was a High Priest of Vehumet.
             Demolished by a juggernaut zombie (21 damage)
             ... on level 15 of the Dungeon.
             The game lasted 02:04:10 (28386 turns).

porpoise the Thaumaturge (Deep Elf Conjurer)       Turns: 28386, Time: 02:04:10

Health: -18/82     AC: 11    Str:  4    XL:     14   Next: 82%
Magic:  27/34      EV: 16    Int: 31    God:    Vehumet [*****.]
Gold:   1381       SH:  6    Dex: 15    Spells: 12/41 levels left

rFire   . . .      SeeInvis +   b - +0 hunting sling (vorpal)
rCold   . . .      Faith    .   I - +1 buckler {reflect}
rNeg    + + .      Spirit   .   c - +1 robe "Eleus" {Will+ Str-5 Int+5 Dex+2}
rPois   +          Reflect  +   (no helmet)
rElec   .          Harm     .   y - +2 cloak {rPois}
rCorr   +          Rampage  .   M - +3 pair of gauntlets of War {Slay+5}
Will    +++..                   i - +0 pair of boots
Stlth   +++++.....              j - amulet of magic regeneration
HPRegen 0.23/turn               P - ring of willpower
MPRegen 0.49/turn               d - ring of the Duchess {rN++ rCorr Str+2 SInv}

@: no status effects
A: no striking features
a: Renounce Religion


You were on level 15 of the Dungeon.
You worshipped Vehumet.
Vehumet was extremely pleased with you.
You visited 3 branches of the dungeon, and saw 21 of its levels.
You also visited: Bailey.

You collected 1724 gold pieces.
You spent 343 gold pieces at shops.

Inventory:

Hand Weapons
 a - the +6 rapier of Prudence {spect, rN+}
   (You found it on level 8 of the Dungeon)

   When its wielder attacks, the weapon's spirit leaps out and strikes again.
   The spirit shares a part of any damage it takes with its wielder.
   rN:        It protects you from negative energy.
 b - a +0 vorpal hunting sling (weapon)
Missiles
 f - 29 poisoned darts
 s - 280 sling bullets (quivered ammo)
 v - 12 boomerangs
 C - 9 curare-tipped darts
Armour
 c - the +1 robe "Eleus" (worn) {Will+ Str-5 Int+5 Dex+2}
   (You found it on level 2 of the Lair of Beasts)

   Str:       It affects your strength (-5).
   Int:       It affects your intelligence (+5).
   Dex:       It affects your dexterity (+2).
   Will:      It increases your willpower.
 i - a +0 pair of boots (worn)
 y - a +2 cloak of poison resistance (worn)
 I - a +1 buckler of reflection (worn)
 M - the +3 pair of gauntlets of War (worn) {Slay+5}
   (You acquired it in a bailey)

   Slay:      It affects your accuracy & damage with ranged weapons and melee
   (+5).
 N - +0 acid dragon scales
Magical Staves
 R - a staff of death
Jewellery
 d - the ring of the Duchess (right hand) {rN++ rCorr Str+2 SInv}
   (You acquired it on level 8 of the Dungeon)

   [ring of resist corrosion]

   Str:       It affects your strength (+2).
   rN:        It greatly protects you from negative energy.
   SInv:      It lets you see invisible.
   rCorr:     It protects you from acid and corrosion.
 j - an amulet of magic regeneration (around neck)
 O - a +4 ring of evasion
 P - a ring of willpower (left hand)
Wands
 g - a wand of polymorph (26)
 r - a wand of charming (7)
 x - a wand of iceblast (12)
 D - a wand of acid (9)
 E - a wand of mindburst (20)
 V - a wand of paralysis (12)
Scrolls
 e - 5 scrolls of blinking
 h - 2 scrolls of fog
 l - 6 scrolls of teleportation
 n - a scroll of enchant armour
 p - 2 scrolls of fear
 q - a scroll of brand weapon
 w - 2 scrolls of summoning
 F - 2 scrolls of vulnerability
 G - 2 scrolls of holy word
 H - a scroll of noise
 K - 2 scrolls of silence
 L - 2 scrolls of immolation
 T - a scroll of enchant weapon
 U - a scroll of amnesia
Potions
 k - a potion of ambrosia
 o - 3 potions of haste
 u - 5 potions of curing
 z - a potion of invisibility
 A - 3 potions of lignification
 B - 3 potions of attraction
 J - 4 potions of heal wounds
 Q - a potion of cancellation
 S - a potion of resistance
Miscellaneous
 m - a tin of tremorstones (2/2)


   Skills:
 - Level 7.2 Fighting
 - Level 9.0 Dodging
 - Level 12.0 Stealth
 - Level 4.0 Shields
 - Level 14.0 Spellcasting
 - Level 12.0 Conjurations
 - Level 12.0 Hexes
 - Level 9.0 Translocations
 + Level 5.3 Fire Magic
 - Level 9.0 Earth Magic
 - Level 7.0 Evocations


You had 12 spell levels left.
You knew the following spells:

 Your Spells              Type           Power      Damage    Failure   Level
a - Magic Dart            Conj           100%       1d8       0%          1
b - Searing Ray           Conj           100%       2d8       0%          2
c - Fulminant Prism       Conj/Hex       38%        3d18      1%          4
d - Iskenderun's Mystic   Conj/Tloc      72%        2d15      1%          4
e - Iron Shot             Conj/Erth      36%        9d7       1%          6
f - Fireball              Conj/Fire      33%        3d14      1%          5
k - Blink                 Tloc           100%       N/A       1%          2
l - Lee's Rapid Deconstr  Erth           33%        3d18*     1%          5

Your spell library contained the following spells:

 Spells                   Type           Power      Damage    Failure   Level
 Eringya's Noxious Bog    Tmut/Pois      10%        N/A       58%         6
 Slow                     Hex            100%       N/A       0%          1
 Freeze                   Ice            84%        1d10      1%          1
 Shock                    Conj/Air       100%       1d9       1%          1
 Confusing Touch          Hex            77%        N/A       1%          3
 Dazzling Flash           Conj/Hex       100%       N/A       1%          3
 Frozen Ramparts          Ice            42%        1d6       1%          3
 Lesser Beckoning         Tloc           67%        N/A       1%          3
 Portal Projectile        Hex/Tloc       100%       N/A       1%          3
 Hailstorm                Conj/Ice       56%        3d12      1%          4
 Leda's Liquefaction      Hex/Erth       36%        N/A       1%          4
 Iskenderun's Battlesphe  Conj           77%        2d13      1%          5
 Manifold Assault         Tloc           67%        N/A       1%          5
 Yara's Violent Unravell  Hex/Tmut       28%        3d12      1%          5
 Starburst                Conj/Fire      33%        6d10      2%          6
 Call Canine Familiar     Summ           21%        N/A       6%          3
 Swiftness                Air            21%        N/A       6%          3
 Vampiric Draining        Necr           21%        2d7       6%          3
 Airstrike                Air            10%        N/A       6%          4
 Spellforged Servitor     Conj/Summ      28%        N/A       36%         7
 Statue Form              Tmut/Erth      32%        N/A       45%         6
 Ignition                 Fire           26%        3d9       97%         8


Dungeon Overview and Level Annotations

Branches:
Dungeon (15/15)            Temple (1/1) D:7            Lair (5/6) D:9
  Swamp (0/4) Lair:2        Snake (0/4) Lair:4        Slime (0/5) Lair:5
    Orc (0/2) D:12         Vaults (0/5) D:13         Depths (0/4) D:15
 Bailey (visited)

Altars:
Ashenzari
Cheibriados
Dithmenos
Elyvilon
Fedhas
Gozag
Hepliaklqana
Kikubaaqudgha
Makhleb
Nemelex Xobeh
Okawaru
Qazlal
Ru
Sif Muna
Trog
Uskayaw
Vehumet
Wu Jian
Xom
Yredelemnul
Zin
The Shining One
Beogh
Jiyva

Shops:
D:4 [   D:5 ?   D:7 *

Portals:
Trove: D:12 (show abyssal rune of Zot)

Annotations:
D:10 3 runed translucent doors, Leeroy's ghost, novice DrTm


Message History

The caustic shrike zombie is severely damaged.
The caustic shrike zombie is knocked back by the mystic blast.
The caustic shrike zombie slams into the rock wall!
Okay, then.
Magic courses through your body. The caustic shrike zombie claws you.
* * * LOW HITPOINT WARNING * * *
The caustic shrike zombie barely misses you.
Casting: Iskenderun's Mystic Blast (safe; 1% risk of failure)
Confirm with . or Enter, or press ? or * to list all spells.
You erupt in a blast of force!
The mystic blast hits the juggernaut zombie.
The juggernaut zombie is lightly damaged.
The juggernaut zombie is knocked back by the mystic blast.
The juggernaut zombie slams into the rock wall!
The mystic blast hits the caustic shrike zombie!!
The caustic shrike zombie is almost destroyed.
The caustic shrike zombie is knocked back by the mystic blast.
The caustic shrike zombie collides with the juggernaut zombie!
The caustic shrike zombie closely misses you.
The caustic shrike zombie claws you.
* * * LOW HITPOINT WARNING * * *
Casting: Iskenderun's Mystic Blast (safe; 1% risk of failure)
Confirm with . or Enter, or press ? or * to list all spells.
You erupt in a blast of force!
The mystic blast hits the juggernaut zombie.
The juggernaut zombie is lightly damaged.
The juggernaut zombie is knocked back by the mystic blast.
The juggernaut zombie slams into the rock wall!
The mystic blast hits the caustic shrike zombie!
The caustic shrike zombie is almost destroyed.
The caustic shrike zombie is knocked back by the mystic blast.
The caustic shrike zombie collides with the juggernaut zombie!
You destroy the caustic shrike zombie!
Vehumet accepts your kill.
You feel your power returning.
Your Fire Magic skill increases to level 5!
There is a stone staircase leading up here.
The juggernaut zombie hits you but does no damage.
The juggernaut zombie hits you!!
You die...

#....#..#....#..##.
#....#[.+....#..# .
#....#########...
#........# #######
#.######.# .......
#........# .......
#........+ ..P...P
#.......###.......
#..@Z..Z#.........
#.####..)...8....P
#.......#.........
#.......#.....)...
#.....<.#.......>.
#.....#+##...8..P8
#.##.. ....P..P. #.
#.. .8..P.... # #..
.........


You could see an iron dragon zombie and a juggernaut zombie.

Vanquished Creatures
  A caustic shrike zombie (D:15)
  An ironbound preserver (D:13)
  A fire dragon (D:12)
  Harold (Lair:2)
  15 hydras
  2 boulder beetles
  A catoblepas (Lair:5)
  Erica (D:11)
  6 two-headed ogres
  4 centaur warriors
  An orc high priest (Bailey)
  6 skeletal warriors (D:15)
  A phantasmal warrior (D:15)
  2 bog bodies (Lair:2)
  Pikel (D:6)
  10 ugly things
  2 necromancers
  An orc knight (Bailey)
  4 deep elf pyromancers
  8 cyclopes
  3 manticores (D:13)
  3 black mambas
  2 gargoyles (D:12)
  A torpor snail (Lair:4)
  10 cane toads
  3 orange demons (D:13)
  Maggie (Lair:2)
  An efreet (D:13)
  2 rime drakes
  5 kobold demonologists
  2 guardian mummies (D:12)
  7 komodo dragons
  3 trolls
  9 blink frogs
  2 polar bears
  2 hornets
  A dream sheep (Lair:5)
  A shadow (D:10)
  Sigmund (D:2)
  3 wraiths
  A tarantella (shapeshifter) (D:15)
  A vampire (D:13)
  35 yaks
  2 wyverns
  2 basilisks
  A steam dragon (D:10)
  6 vampire mosquitoes
  4 nagas (Lair:4)
  2 swamp worms (Lair:2)
  12 water moccasins
  An acid dragon (D:13)
  15 orc warriors
  5 sky beasts
  A necrophage (D:8)
  3 ice beasts
  5 wolves (Lair:3)
  A centaur (D:13)
  2 phantoms
  A lemure (D:6)
  Blork the orc (D:6)
  7 kobold brigands
  11 bullfrogs
  A gnoll sergeant (D:10)
  6 scorpions
  A water moccasin skeleton (D:5)
  10 killer bees
  7 wights
  9 electric eels
  7 howler monkeys
  2 centaur zombies
  4 hounds
  A bullfrog skeleton (D:5)
  2 gnoll shamans
  10 orc priests
  A centaur skeleton (D:6)
  4 iguanas
  7 orc wizards
  2 polar bear simulacra (Lair:3)
  A killer bee zombie (D:5)
  5 wolf simulacra (Lair:3)
  A hound zombie (D:5)
  A howler monkey skeleton (D:4)
  14 gnolls
  9 adders
  2 shadow imps
  A white imp (D:4)
  An ufetubus (D:6)
  An adder skeleton (D:4)
  3 worms
  3 dart slugs
  67 orcs
  5 bats
  8 endoplasms
  2 giant cockroaches
  24 goblins
  7 hobgoblins
  5 jackals
  3 quokkas
  9 ball pythons
  3 frilled lizards
  40 kobolds
  6 rats
  4 river rat simulacra (Lair:3)
  A butterfly (Lair:3)
  A fulminant prism (Lair:2)
551 creatures vanquished.

Vanquished Creatures (others)
  195 fulminant prisms
  38 fungi
  48 plants
  2 withered plants (D:15)
283 creatures vanquished.

Grand Total: 834 creatures vanquished

Notes
Turn   | Place    | Note
-------+----------+-------------------------------------------
     0 | D:1      | porpoise the Deep Elf Conjurer began the quest for the Orb.
     0 | D:1      | Reached XP level 1. HP: 10/10 MP: 6/6
   144 | D:1      | Reached XP level 2. HP: 15/15 MP: 6/8
   147 | D:1      | Learned a level 2 spell: Searing Ray
   705 | D:1      | Reached skill level 4 in Spellcasting
   862 | D:1      | Reached skill level 5 in Conjurations
   862 | D:1      | Reached XP level 3. HP: 19/19 MP: 7/10
  1404 | D:2      | Noticed Sigmund
  1424 | D:2      | Killed Sigmund
  1425 | D:2      | Reached skill level 5 in Spellcasting
  1425 | D:2      | Reached XP level 4. HP: 4/24 MP: 0/13
  1425 | D:2      | Reached XP level 5. HP: 4/28 MP: 0/15
  1689 | D:2      | Learned a level 4 spell: Fulminant Prism
  1694 | D:2      | Learned a level 4 spell: Iskenderun's Mystic Blast
  2431 | D:2      | Found a faded altar of an unknown god.
  2716 | D:3      | Reached skill level 6 in Spellcasting
  2731 | D:3      | Found a glowing golden altar of the Shining One.
  2809 | D:3      | Reached skill level 1 in Hexes
  3249 | D:4      | Reached XP level 6. HP: 32/32 MP: 13/17
  4048 | D:4      | Reached skill level 7 in Spellcasting
  4178 | D:4      | Found Qituduhe's Armour Shoppe.
  4191 | D:4      | Reached skill level 1 in Translocations
  4217 | D:4      | Reached XP level 7. HP: 36/36 MP: 4/19
  4297 | D:4      | Bought a +1 cloak of poison resistance for 189 gold pieces
  4423 | D:5      | Entered Level 5 of the Dungeon
  4437 | D:5      | Reached skill level 5 in Hexes
  5111 | D:5      | Found Latzuk's Magic Scroll Emporium.
  5296 | D:5      | Reached XP level 8. HP: 41/41 MP: 14/20
  5323 | D:5      | Reached skill level 5 in Translocations
  5915 | D:6      | Reached skill level 8 in Spellcasting
  5973 | D:6      | Reached skill level 1 in Fighting
  6039 | D:6      | Reached skill level 9 in Spellcasting
  6279 | D:6      | Noticed Pikel
  6285 | D:6      | Killed Pikel
  6286 | D:6      | Reached skill level 10 in Spellcasting
  6286 | D:6      | Reached XP level 9. HP: 51/51 MP: 14/25
  6701 | D:6      | Found a stormy altar of Qazlal.
  6949 | D:6      | Noticed Blork the orc
  6955 | D:6      | Killed Blork the orc
  7245 | D:6      | Reached skill level 11 in Spellcasting
  7539 | D:6      | Found a bloodstained altar of Trog.
  7568 | D:6      | Found a broken altar of Ashenzari.
  7724 | D:7      | Found a white marble altar of Elyvilon.
  7774 | D:7      | Found a staircase to the Ecumenical Temple.
  7835 | D:7      | Reached skill level 5 in Fighting
  7961 | Temple   | Entered the Ecumenical Temple
  8255 | D:7      | Found Tosugras's Serpentskin Sales.
  8364 | D:7      | Bought 6 curare-tipped darts for 50 gold pieces
  8467 | D:7      | Reached skill level 12 in Spellcasting
  8669 | D:7      | Found a sacrificial altar of Ru.
  9053 | D:7      | Reached XP level 10. HP: 59/59 MP: 16/28
  9249 | D:7      | Found a burning altar of Makhleb.
  9429 | D:8      | Identified a scroll of acquirement
  9429 | D:8      | Acquired the ring of the Duchess {rN++ rCorr Str+2 SInv}
  9719 | D:8      | Reached skill level 5 in Dodging
  9955 | D:8      | Found a blossoming altar of Fedhas.
  9961 | D:8      | Identified the +6 rapier of Prudence {spect, rN+}
 10106 | D:8      | Found an iron altar of Okawaru.
 10106 | D:8      | Found a shimmering altar of Xom.
 10106 | D:8      | Found a radiant altar of Vehumet.
 10113 | D:8      | Became a worshipper of Vehumet
 10553 | D:9      | Noticed a deep elf pyromancer
 10567 | D:9      | Killed a deep elf pyromancer
 10648 | D:9      | Found a staircase to the Lair.
 10841 | D:9      | Found a glowing silver altar of Zin.
 11104 | D:10     | Entered Level 10 of the Dungeon
 11113 | D:10     | Found a runed translucent gate.
 11123 | D:10     | Found a flagged portal.
 11136 | Bailey   | Entered a bailey
 11280 | Bailey   | Reached skill level 1 in Evocations
 11409 | Bailey   | Noticed an orc knight
 11418 | Bailey   | Killed an orc knight
 11453 | Bailey   | Reached * piety under Vehumet
 11453 | Bailey   | Offered knowledge of Foxfire by Vehumet.
 11471 | Bailey   | Noticed an orc high priest
 11475 | Bailey   | Noticed an orange demon
 11480 | Bailey   | Killed an orc high priest
 12101 | Bailey   | Identified the +1 trident "Hyuttism" {vamp, Will- Str+3
                  | Dex+3}
 12268 | Bailey   | Reached XP level 11. HP: 54/63 MP: 17/29
 12628 | Bailey   | Found an iron altar of Okawaru.
 12858 | Bailey   | Reached skill level 5 in Evocations
 13019 | Bailey   | Acquired the +3 pair of gauntlets of War {Slay+5}
 13019 | Bailey   | Found the +3 pair of gauntlets of War {Slay+5}
 13146 | D:10     | Found a runed translucent gate.
 13146 | D:10     | Identified the +8 plate armour of Happiness {-Tele rC+ rN+}
 13147 | D:10     | Noticed Leeroy's ghost (novice DrTm)
 13147 | D:10     | Found a runed translucent gate.
 13532 | D:10     | Reached ** piety under Vehumet
 13532 | D:10     | Offered knowledge of Static Discharge by Vehumet.
 13948 | D:10     | Found a sparkling altar of Nemelex Xobeh.
 13949 | D:10     | You fall into a shaft and drop 2 floors!
 13960 | D:12     | Noticed a fire dragon
 14250 | D:10     | Noticed a two-headed ogre
 14261 | D:10     | Killed a two-headed ogre
 14262 | D:10     | Reached skill level 5 in Stealth
 14679 | Lair:1   | Entered Level 1 of the Lair of Beasts
 14734 | Lair:1   | Reached skill level 13 in Spellcasting
 15034 | Lair:1   | Noticed a four-headed hydra
 15041 | Lair:1   | Killed a four-headed hydra
 15042 | Lair:1   | Reached skill level 14 in Spellcasting
 15092 | Lair:1   | Noticed a five-headed hydra
 15177 | Lair:1   | Killed a five-headed hydra
 15223 | Lair:1   | Noticed a four-headed hydra
 15235 | Lair:1   | Killed a four-headed hydra
 15249 | Lair:1   | Reached XP level 12. HP: 66/70 MP: 14/32
 16150 | Lair:2   | Noticed Harold
 16253 | Lair:2   | Noticed Maggie
 16260 | Lair:2   | Killed Maggie
 16261 | Lair:2   | Reached skill level 10 in Hexes
 16386 | Lair:2   | Killed Harold
 16860 | Lair:2   | Learned a level 2 spell: Blink
 16930 | Lair:2   | Identified the +1 robe "Eleus" {Will+ Str-5 Int+5 Dex+2}
 16966 | Lair:2   | Found a stormy altar of Qazlal.
 17011 | Lair:2   | Noticed a six-headed hydra
 17020 | Lair:2   | Killed a six-headed hydra
 17628 | Lair:2   | Found a staircase to the Swamp.
 18136 | Lair:3   | Noticed a five-headed hydra
 18179 | Lair:3   | Killed a five-headed hydra
 18382 | Lair:3   | Offered knowledge of Scorch by Vehumet.
 18489 | Lair:3   | Reached *** piety under Vehumet
 18822 | Lair:4   | Learned a level 6 spell: Iron Shot
 18853 | Lair:3   | Reached skill level 1 in Earth Magic
 19163 | Lair:3   | Offered knowledge of Inner Flame by Vehumet.
 19385 | Lair:3   | Reached XP level 13. HP: 56/76 MP: 24/33
 20246 | Lair:4   | Found a staircase to the Snake Pit.
 20757 | Lair:5   | Reached skill level 5 in Earth Magic
 20887 | Lair:5   | Reached **** piety under Vehumet
 20972 | Lair:5   | Identified the +0 ring mail "Axkabbil" {Int+5}
 21003 | Lair:5   | Found a viscous altar of Jiyva.
 21004 | Lair:5   | Found a staircase to the Slime Pits.
 21830 | D:5      | Bought a scroll of identify for 22 gold pieces
 21830 | D:5      | Bought a scroll of blinking for 82 gold pieces
 22220 | D:11     | Noticed Erica
 22226 | D:11     | Killed Erica
 22232 | D:11     | Offered knowledge of Mephitic Cloud by Vehumet.
 22433 | D:11     | Reached skill level 10 in Stealth
 23638 | D:12     | Found a staircase to the Orcish Mines.
 24022 | D:12     | Killed a fire dragon
 24539 | D:12     | Found a portal to a secret trove of treasure.
 25325 | D:13     | Reached XP level 14. HP: 68/82 MP: 19/34
 25566 | D:13     | Found a gate to the Vaults.
 25584 | D:13     | Noticed an ironbound preserver
 25593 | D:13     | Killed an ironbound preserver
 25937 | D:13     | Reached skill level 10 in Conjurations
 26045 | D:13     | Reached ***** piety under Vehumet
 26280 | D:13     | Offered knowledge of Eringya's Noxious Bog by Vehumet.
 26376 | D:13     | Learned a level 5 spell: Lee's Rapid Deconstruction
 26384 | D:13     | Reached skill level 1 in Shields
 27389 | D:14     | Learned a level 5 spell: Fireball
 27678 | D:15     | Entered Level 15 of the Dungeon
 27749 | D:15     | Reached skill level 1 in Fire Magic
 28361 | D:15     | Found a staircase to the Depths.
 28383 | D:15     | HP: 3/82 [caustic shrike zombie (5)]
 28385 | D:15     | Reached skill level 5 in Fire Magic
 28386 | D:15     | Demolished by a juggernaut zombie

Illustrated notes

Levels and vault maps discovered:
D:1:      minmay_arrival_radiant_lines, layout_basic, grunt_decor_clamped
D:2:      layout_basic, hellmonk_ecumenical_altar_prayer_group, uniq_sigmund
D:3:      layout_rooms, tso_oasis_becter
D:4:      layout_basic, serial_shops, shop
D:5:      wad_woods_pond, layout_basic, serial_shops, shop
D:6:      layout_basic, mainiacjoe_overflow_two_lobes,
          nicolae_qazlal_style_of_elements, minmay_misc_feat_secret_circle,
          kennysheep_cross_room, st_stairs_6, chequers_mini_garden, uniq_pikel,
          uniq_blork_the_orc
D:7:      layout_gridville, mainiacjoe_overflow_six_doors_small,
          mainiacjoe_overflow_paths, mainiacjoe_overflow_surrounded_room,
          minmay_temple_entry_glass, guppyfry_shop_venom
D:8:      layout_gridville, mainiacjoe_overflow_small_starburst,
          gammafunk_temple_overflow_claw, kennysheep_generic_room_2
D:9:      layout_basic, marbit_many_paths, lair_entry_dummy
D:10:     layout_gridville, mainiacjoe_overflow_catwalk, enter_bailey_3,
          biasface_ghost_orc_armoury, kennysheep_generic_room_7
D:11:     layout_basic, uniq_erica
D:12:     layout_grid_maze, hiddenorc2_lemuel, nicolae_trove_entry_path_of_doom
D:13:     layout_long_grid, skrybe_vaults_entry_preservation,
          einodemon_barbed_minivault
D:14:     layout_cave_pools, minivault_23
D:15:     gammafunk_depths_entry_grave, layout_stronghold, elyvilon_altar_5
Temple:   jpeg_temple_island
Lair:1:   layout_misc_corridors, grunt_megastairs_4, serial_bayou_shore_a
Lair:2:   layout_roguey, nicolae_swamp_entry_splash_gauntlet, basic_altar,
          uniq_harold, uniq_maggie
Lair:3:   layout_regular_city, chequers_serial_rivers_small_a,
          eino_house_with_fridge, lemuel_fruit_fields
Lair:4:   layout_loops_ring, minmay_snake_entry_guardpost_large,
          serial_bayou_shore_b
Lair:5:   layout_hall_layers, slime_altar_1, hangedman_lair_generics_rect

Skill      XL: |  1  2  3  4  5  6  7  8  9 10 11 12 13 14 |
---------------+-------------------------------------------+-----
Spellcasting   | 4 5 6 7 10 12 14 | 14.0
Conjurations   | 5 6 7 9 12 | 12.0
Hexes          | 2 4 6 7 9 12 | 12.0
Translocations | 1 4 5 7 8 9 |  9.0
Fighting       | 3 5 6 7 |  7.2
Dodging        | 4 7 9 |  9.0
Evocations     | 4 5 6 7 |  7.0
Stealth        | 7 12 | 12.0
Earth Magic    | 3 9 |  9.0
Shields        | 4 |  4.0
Fire Magic     | 5 |  5.3

Action                   |  1- 3 |  4- 6 |  7- 9 | 10-12 | 13-15 || total
-------------------------+-------+-------+-------+-------+-------++-------
Melee: Short sword       |     1 |       |       |       |       ||     1
       Scythe            |       |    15 |    28 |       |       ||    43
       Rapier            |       |       |       |     2 |       ||     2
 Fire: Hunting sling     |       |       |       |       |     6 ||     6
Throw: Javelin           |       |     2 |       |     2 |     2 ||     6
       Dart              |       |     2 |    45 |    97 |       ||   144
       Boomerang         |       |       |     3 |       |    14 ||    17
 Cast: Magic Dart        |    47 |    44 |     5 |     7 |       ||   103
       Searing Ray       |     6 |    23 |    78 |   148 |    59 ||   314
       Fulminant Prism   |       |       |    15 |    80 |   101 ||   196
       Iskenderun's Myst |       |       |    11 |    78 |    64 ||   153
       Blink             |       |       |       |     1 |       ||     1
       Iron Shot         |       |       |       |       |    62 ||    62
       Lee's Rapid Decon |       |       |       |       |     7 ||     7
  Use: Scroll            |       |     4 |     4 |    17 |     9 ||    34
       Potion            |       |       |       |       |     2 ||     2
 Stab: Sleeping          |       |     2 |     1 |       |       ||     3
Armor: Robe              |     1 |     5 |    22 |    16 |    15 ||    59
       Steam dragon scal |       |       |       |     5 |       ||     5
Dodge: Dodged            |    17 |    15 |    71 |    64 |    46 ||   213
Block: Buckler           |       |       |       |       |     3 ||     3
       Reflection        |       |       |       |       |     1 ||     1

Table legend: (Time is in decaauts)
 A = Elapsed time spent in this place.
 B = Non-inter-level travel time spent in this place.
 C = Inter-level travel time spent in this place.
 D = Time resting spent in this place.
 E = Time spent auto-exploring this place.
 F = Levels seen in this place.
 G = Mean time per level.
                   A        B        C        D        E       F      G
               +--------+--------+--------+--------+--------+-----+--------+
         Total |  28539 |  27362 |   1177 |  11197 |  11641 |  22 | 1297.2 |
       Dungeon |  19197 |  18424 |    773 |   7384 |   8253 |  15 | 1279.8 |
        Temple |    292 |    269 |     23 |      0 |    258 |   1 |  292.0 |
          Lair |   7058 |   6677 |    381 |   2461 |   3130 |   5 | 1411.6 |
        Bailey |   1991 |   1991 |      0 |   1352 |      0 |   1 | 1991.0 |
               +--------+--------+--------+--------+--------+-----+--------+

Top non-repeatable levels by time:
    D:12: 2164 daAuts
  Bailey: 1991 daAuts
     D:6: 1894 daAuts
    D:13: 1696 daAuts
  Lair:1: 1685 daAuts
  Lair:2: 1679 daAuts
     D:2: 1628 daAuts
     D:7: 1555 daAuts
  Lair:3: 1433 daAuts
    D:10: 1414 daAuts
     D:5: 1385 daAuts
    D:11: 1294 daAuts
     D:4: 1208 daAuts
  Lair:4: 1199 daAuts
  Lair:5: 1060 daAuts
